 Dungeon Crawl Stone Soup version 0.15.0-16-gce31824 (webtiles) character file.

796 MDvedh the Cleaver (level 7, -1/56 HPs)
             Began as a Demigod Fighter on Sept 6, 2014.
             Killed by nerve-wracking pain
             ... invoked by an orc priest
              (7 damage)
             ... on Level 5 of the Dungeon.
             The game lasted 00:10:44 (5809 turns).

MDvedh the Cleaver (Demigod Fighter)                Turns: 5809, Time: 00:10:44

HP  -1/56        AC  8     Str 20      XL: 7   Next: 32%
MP  12/12        EV  6     Int 13      God:
Gold 286         SH  9     Dex 18      Spells:  0 memorised,  6 levels left

rFire  . . .     SeeInvis +     a - +0 war axe
rCold  . . .     Clarity  .     b - +0 scale mail
rNeg   . . .     rCorr    .     c - +0 shield
rPois  .         rRot     .     r - +1 helmet
rElec  .         Spirit   .     (no cloak)
SustAb .         Warding  .     (no gloves)
rMut   .         Stasis   .     (no boots)
Gourm  .                        (no amulet)
MR     +....                    p - ring of protection from magic
                                i - ring of see invisible

@: somewhat resistant to hostile enchantments, extremely unstealthy
A: no striking features
a: no special abilities


You were on level 5 of the Dungeon.
You were not hungry.

You visited 1 branch of the dungeon, and saw 5 of its levels.
You also visited: Sewer.

You collected 286 gold pieces.

Inventory:

Hand weapons
 a - a +0 war axe (weapon)
Armour
 b - a +0 scale mail (worn)
 c - a +0 shield (worn)
 r - a +1 helmet (worn)
Magical devices
 q - a wand of heal wounds (5)
Comestibles
 d - a bread ration
 x - a meat ration
Scrolls
 f - 3 scrolls of identify
 g - a scroll of enchant armour
 j - 4 scrolls of teleportation
 k - 4 scrolls of remove curse
 l - a scroll of noise {unknown}
 n - a scroll of fear
 o - 2 scrolls of recharging
 s - 3 scrolls of magic mapping
 v - a scroll of enchant weapon {unknown}
 w - a scroll of fog
Jewellery
 i - a ring of see invisible (left hand)
 p - a ring of protection from magic (right hand)
 u - a +1 ring of intelligence
 y - an uncursed ring of teleport control
Potions
 e - 3 potions of might
 h - 2 potions of brilliance
 m - 5 potions of curing
 t - 2 potions of heal wounds


   Skills:
 - Level 2.6 Fighting
 + Level 8.0 Axes
 - Level 2.6 Armour
 - Level 2.6 Shields


You had 6 spell levels left.
You didn't know any spells.

Dungeon Overview and Level Annotations

Branches:
Dungeon (5/15)             Temple (0/1) D:5


Message History

Your shield prevents you from hitting the orc priest.
The orc priest is moderately wounded.
You hit the orc priest.
The orc priest is lightly wounded.
You block the worker ant's attack. The orc priest barely misses you.
The orc priest calls down the wrath of Beogh upon you.
Something smites you! The orc hits you but does no damage.
Your shield and scale mail prevent you from hitting the orc priest.
The orc priest is lightly wounded.
You closely miss the orc priest.
The orc priest is moderately wounded.
You closely miss the worker ant.
The worker ant is lightly wounded.
The worker ant bites you but does no damage.
The orc priest invokes the aid of Beogh against you.
Something smites you!
* * * LOW HITPOINT WARNING * * *
The orc priest mumbles some strange prayers to Beogh against you.
Pain shoots through your body!
You die...

#....... ##.......
###+##### #........
.####..................
.......................#
.......................#
.....o..........########
.......oo........# #
#a@........# #
##...%....## #
#........# # #........#
# #........# #####
#........# #....
#...)....# #....
#.).)....# #....
##'####### #....


You could see a worker ant, 2 orc priests and an orc.

Vanquished Creatures
  An ice beast (D:5)
  2 giant frogs (Sewer)
  A scorpion (D:4)
  A quasit (D:5)
  A hound (D:5)
  2 iguanas (D:5)
  4 worker ants
  Jessica (D:2)
  A green rat (Sewer)
  13 adders
  4 worms
  2 adder skeletons (D:4)
  An adder zombie (D:5)
  3 giant geckos
  2 oozes
  8 orcs
  12 ball pythons
  4 giant cockroaches
  8 hobgoblins
  6 jackals
  A quokka (D:4)
  11 bats
  7 giant newts
  5 goblins
  A hobgoblin zombie (D:5)
  5 kobolds
  An orc skeleton (D:5)
  36 rats
  3 fungi (D:4)
147 creatures vanquished.

Notes
Turn   | Place    | Note
--------------------------------------------------------------
     0 | D:1      | MDvedh, the Demigod Fighter, began the quest for the Orb.
     0 | D:1      | Reached XP level 1. HP: 18/18 MP: 2/2
   240 | D:1      | Reached XP level 2. HP: 25/25 MP: 3/3
   644 | D:2      | Reached skill level 3 in Axes
  1008 | D:2      | Reached XP level 3. HP: 24/30 MP: 5/5
  1543 | D:2      | Noticed Jessica
  1549 | D:2      | Reached skill level 4 in Axes
  1555 | D:2      | Killed Jessica
  1555 | D:2      | Reached XP level 4. HP: 33/37 MP: 7/7
  2290 | D:3      | Found a glowing drain.
  2303 | Sewer    | Entered a sewer
  2956 | Sewer    | Reached skill level 5 in Axes
  2973 | Sewer    | Reached XP level 5. HP: 42/42 MP: 8/8
  3602 | Sewer    | Reached skill level 6 in Axes
  3602 | Sewer    | Reached XP level 6. HP: 8/50 MP: 10/10
  3959 | D:4      | Found a glowing golden altar of the Shining One.
  4901 | D:5      | Entered Level 5 of the Dungeon
  4952 | D:5      | Found a staircase to the Ecumenical Temple.
  4995 | D:5      | Reached skill level 7 in Axes
  5101 | D:5      | Reached XP level 7. HP: 15/56 MP: 12/12
  5395 | D:5      | Found a white marble altar of Elyvilon.
  5761 | D:5      | Reached skill level 8 in Axes
  5809 | D:5      | Killed from afar by an orc priest

Action                   |  1- 3 |  4- 6 |  7- 9 || total
-------------------------+-------+-------+-------++-------
Melee: War axe           |   106 |   288 |    71 ||   465
  Use: Potion            |       |     2 |       ||     2
       Scroll            |       |    13 |       ||    13
  Eat: Chunk             |     2 |     9 |       ||    11
       Bread ration      |       |     1 |       ||     1
       Pizza             |       |     1 |       ||     1
